 Dungeon Crawl Stone Soup version 0.21.1-1-g345015f (webtiles) character file.

233 Inarius the Shield-Bearer (level 6, -2/32 HPs)
             Began as a Vine Stalker Fighter on Feb 17, 2018.
             Slain by an ogre
             ... wielding a +0 giant spiked club
              (19 damage)
             ... on level 3 of the Dungeon.
             The game lasted 00:04:06 (2145 turns).

Inarius the Shield-Bearer (Vine Stalker Fighter)    Turns: 2145, Time: 00:04:07

Health: -2/32      AC:  6    Str: 20    XL:     6   Next: 4%
Magic:  0/7        EV:  7    Int:  8    God:
Gold:   97         SH:  9    Dex: 14    Spells: 5/5 levels left

rFire    . . .     SeeInvis .   a - +0 long sword
rCold    . . .     Gourm    .   c - +0 shield
rNeg     . . .     Faith    .   b - +0 scale mail
rPois    .         Spirit   +   (no helmet)
rElec    .         Reflect  .   (no cloak)
rCorr    .         Harm     .   (no gloves)
MR       .....                  (no boots)
Stlth    ..........             (no amulet)
HPRegen  0.50/turn              (no ring)
MPRegen  0.10/turn              (no ring)

@: no status effects
A: fangs 2, regeneration 1, magic shield, antimagic bite, no potion heal 3, rot
immunity
a: no special abilities


You were on level 3 of the Dungeon.
You were not hungry.

You visited 1 branch of the dungeon, and saw 3 of its levels.

You collected 97 gold pieces.

Inventory:

Hand Weapons
 a - a +0 long sword (weapon)
Armour
 b - a +0 scale mail (worn)
 c - a +0 shield (worn)
Scrolls
 d - a scroll of remove curse {unknown}
 h - a scroll of enchant weapon {unknown}
 i - 2 scrolls of fear
 j - a scroll of magic mapping {unknown}
Potions
 e - a potion of curing {unknown}
 g - 2 potions of mutation
 l - a potion of haste
Comestibles
 f - 5 rations
 k - 2 chunks of flesh


   Skills:
 + Level 3.3 Fighting
 + Level 3.5 Long Blades
 + Level 3.3 Armour
 + Level 0.9 Dodging
 + Level 3.5 Shields


You had 5 spell levels left.
You didn't know any spells.

Dungeon Overview and Level Annotations

Branches:
Dungeon (3/15)

Altars:
Dithmenos


Innate Abilities, Weirdness & Mutations

You have extremely sharp teeth.
Your natural rate of healing is unusually fast.
When hurt, damage is shared between your health and your magic reserves.
Your bite disrupts and absorbs the magic of your enemies.
Potions cannot restore your health.
You are immune to rotting.


Message History

* * * LOW HITPOINT WARNING * * *
You slash the ogre!
The ogre is heavily wounded.
The ogre barely misses you.
There is an open door here.
There is an open door here.
You see here a club.
There is an open door here.
You slash the ogre!
The ogre is severely wounded.
You block the ogre's attack.
You hit the ogre but do no damage. You bite the ogre. You drain its power.
You feel invigorated.
The ogre is almost dead.
The ogre hits you with a giant spiked club!
You hit the ogre. You bite the ogre. You drain its power.
You feel invigorated.
The ogre is almost dead.
The ogre hits you with a giant spiked club!!
Ouch! That really hurt!
You die...

########### #.........# ##
#.........#
.######################.........#
.'.............O@................
.###################............#
.# #............# ##
#............# ##############
##########


You could see an ogre.

Vanquished Creatures
  The ghost of Dioder the Covered, an amateur HuFi (D:3)
  4 adders
  An ooze (D:1)
  2 worms (D:2)
  7 orcs (D:3)
  6 bats
  A giant cockroach (D:2)
  5 goblins
  6 hobgoblins
  2 jackals (D:3)
  5 kobolds
  2 frilled lizards
  A jackal skeleton (D:3)
  9 rats
52 creatures vanquished.

Notes
Turn   | Place    | Note
-------+----------+-------------------------------------------
     0 | D:1      | Inarius the Vine Stalker Fighter began the quest for the Orb.
     0 | D:1      | Reached XP level 1. HP: 11/11 MP: 2/2
   313 | D:1      | Reached XP level 2. HP: 16/16 MP: 3/3
   770 | D:1      | Reached XP level 3. HP: 16/20 MP: 4/4
  1743 | D:3      | Found a shadowy altar of Dithmenos.
  1820 | D:3      | Gained mutation: Your natural rate of healing is unusually fast. [Vine Stalker growth]
  1820 | D:3      | Reached XP level 4. HP: 12/24 MP: 5/5
  2001 | D:3      | Noticed Dioder's ghost (amateur HuFi)
  2014 | D:3      | Killed Dioder's ghost
  2014 | D:3      | Reached XP level 5. HP: 25/28 MP: 6/6
  2072 | D:3      | Reached XP level 6. HP: 32/32 MP: 7/7
  2145 | D:3      | Slain by an ogre

Skill      XL: |  1  2  3  4 |
---------------+-------------+-----
Long Blades    | 2 3 |  3.5
Fighting       | 3 |  3.3
Shields        | 3 |  3.5
Armour         | 3 |  3.3
Dodging        | |  0.9

Action                   |  1- 3 |  4- 6 || total
-------------------------+-------+-------++-------
Melee: Long sword        |    98 |    49 ||   147
       Bite              |    33 |    17 ||    50
  Use: Scroll            |     3 |     1 ||     4
       Potion            |       |     1 ||     1
  Eat: Chunk             |     3 |     1 ||     4
Armor: Scale mail        |    35 |    17 ||    52
Dodge: Dodged            |    26 |    21 ||    47
Block: Shield            |    48 |    22 ||    70
       Rpst.: Long sword |     6 |     9 ||    15
